 Dungeon Crawl Stone Soup version 0.30.1-1-g62c8e00024 (webtiles) character file.

Game seed: 10138056330289497695

170 Grit the Sneak (level 5, 0/45 HPs)
             Began as a Naga Enchanter on July 14, 2023.
             Was a Believer of Fedhas.
             Killed from afar by shamsi's ghost (9 damage)
             ... with a magic dart
             ... on level 3 of the Dungeon.
             The game lasted 00:14:38 (2336 turns).

Grit the Sneak (Naga Enchanter)                     Turns: 2336, Time: 00:14:39

Health: 0/45       AC:  3    Str: 11    XL:     5   Next: 50%
Magic:  6/8        EV:  9    Int: 17    God:    Fedhas [**....]
Gold:   125        SH:  0    Dex: 11    Spells: 4/8 levels left

rFire   . . .        p - +2 dagger (flame)
rCold   . . .        (no shield)
rNeg    . . .        b - +0 robe
rPois   +            (no helmet)
rElec   .            o - +0 cloak {Stlth+}
rCorr   .            (no gloves)
SInv    +            (no barding)
Will    .....        (no amulet)
Stlth   ++++         (no ring)
HPRegen 0.27/turn    (no ring)
MPRegen 0.11/turn

%: no passive effects
@: very slow
A: AC +1, large, see invisible, deformed body, poison resistance, slowness 2,
spit poison 1, naga tail 1
a: Spit Poison, Renounce Religion, Wall of Briars


You were on level 3 of the Dungeon.
You worshipped Fedhas.
Fedhas was pleased with you.
You visited 1 branch of the dungeon, and saw 3 of its levels.

You collected 125 gold pieces.

Inventory:

Hand Weapons
 p - a +2 dagger of flaming (weapon)
Armour
 b - a +0 robe (worn)
 o - a +0 cloak of stealth (worn)
Scrolls
 e - a scroll of teleportation {unknown}
 g - a scroll of enchant weapon {unknown}
 h - a scroll of blinking {unknown}
 i - 2 scrolls of identify {unknown}
 k - a scroll of fog {unknown}
Potions
 c - 2 potions of invisibility
 d - a potion of haste
 f - 2 potions of brilliance {unknown}
 j - 2 potions of mutation {unknown}
 l - 3 potions of might {unknown}
 m - a potion of attraction {unknown}
 n - a potion of flight {unknown}


   Skills:
 * Level 2.2 Fighting
 + Level 2.3 Short Blades
 - Level 1.5 Dodging
 + Level 5.6 Stealth
 - Level 2.0 Spellcasting
 - Level 3.4 Hexes
 - Level 0.4 Ice Magic
 * Level 2.8 Poison Magic


You had 4 spell levels left.
You knew the following spells:

 Your Spells              Type           Power      Damage    Failure   Level
a - Ensorcelled Hibernat  Hex/Ice        16%        N/A       14%         2
b - Cigotuvi's Dreadful   Necr/Pois/Air  8%         N/A       21%         2

Your spell library contained the following spells:

 Spells                   Type           Power      Damage    Failure   Level
 Confusing Touch          Hex            13%        N/A       14%         3
 Tukima's Dance           Hex            13%        N/A       14%         3
 Dazzling Flash           Conj/Hex       14%        N/A       28%         3
 Ignite Poison            Fire/Tmut/Pois 4%         N/A       36%         3
 Freezing Cloud           Conj/Ice/Air   1%         6-21      99%         5


Dungeon Overview and Level Annotations

Branches:
Dungeon (3/15)

Altars:
Fedhas
Wu Jian

Annotations:
D:3 shamsi's ghost, amateur OpCj


Innate Abilities, Weirdness & Mutations

Your serpentine skin is tough. (AC +1)
You have supernaturally acute eyesight. (SInv)
Armour fits poorly on your strangely shaped body.
Your system is resistant to poisons. (rPois)
You cover ground very slowly.
You can spit poison.
You have a snake-like lower body.


Message History

Shamsi's ghost completely resists.
Shamsi's ghost is heavily damaged.
Shamsi's ghost hits you.
Casting: Ensorcelled Hibernation (safe; 14% risk of failure)
Confirm with . or Enter, or press ? or * to list all spells.
Aiming: Ensorcelled Hibernation (safe; 14% risk of failure)
Press: ? - help, Shift-Dir - straight line, f/p - shamsi's ghost
Aim: shamsi's ghost (heavily damaged, not susceptible) Shamsi's ghost is unaffected.
Shamsi's ghost hits you.
* * * LOW HITPOINT WARNING * * *
You closely miss shamsi's ghost.
Shamsi's ghost is heavily damaged.
Shamsi's ghost hits you.
* * * LOW HITPOINT WARNING * * *
You hit shamsi's ghost. You burn shamsi's ghost.
Shamsi's ghost is heavily damaged.
Shamsi's ghost hits you but does no damage.
You miss shamsi's ghost. Your punch misses shamsi's ghost.
Shamsi's ghost is heavily damaged.
You have got your breath back.
Shamsi's ghost hits you but does no damage.
You hit shamsi's ghost. You burn shamsi's ghost.
Shamsi's ghost is severely damaged.
Shamsi's ghost hits you.
* * * LOW HITPOINT WARNING * * *
You miss shamsi's ghost.
Shamsi's ghost is severely damaged.
Shamsi's ghost hits you but does no damage.
You hit shamsi's ghost. You burn shamsi's ghost.
Shamsi's ghost is almost destroyed.
Shamsi's ghost hits you.
* * * LOW HITPOINT WARNING * * *
You miss shamsi's ghost.
Shamsi's ghost is almost destroyed.
You hit shamsi's ghost. You burn shamsi's ghost.
Shamsi's ghost is almost destroyed.
Shamsi's ghost casts a spell at you. The magic dart hits you!
You die...
Fedhas appreciates your contribution to the ecosystem.

#...........>.#
....##.......####..#
.............#
.............##
..###.........#
.##⌠##........###.#
##...##.....†.....#
#..?..##.........##
..♣..W@............
#..!..##..#.........
##...##...#.........
.##⌠##...†..........
..###....##.........
........#...........
..........#........
......###########.
.....


You could see shamsi's ghost.

Vanquished Creatures
  Crazy Yiuf (D:2)
  Natasha (thrice) (D:2)
  2 adders
  2 worms (D:2)
  3 dart slugs (D:1)
  3 ball pythons (D:1)
  3 endoplasms
  A giant cockroach (D:1)
  4 goblins
  4 hobgoblins
  5 jackals
  A quokka (D:1)
  3 bats (D:2)
  4 frilled lizards (D:1)
  3 kobolds
  4 rats
46 creatures vanquished.

Notes
Turn   | Place    | Note
-------+----------+-------------------------------------------
     0 | D:1      | Grit the Naga Enchanter began the quest for the Orb.
     0 | D:1      | Reached XP level 1. HP: 15/15 MP: 3/3
   398 | D:1      | Reached XP level 2. HP: 18/24 MP: 5/5
   461 | D:1      | Found a faded altar of an unknown god.
   497 | D:1      | Prayed at the altar of an unknown god.
   497 | D:1      | Became a worshipper of Fedhas Madash
   497 | D:1      | Reached * piety under Fedhas
   605 | D:1      | Learned a level 2 spell: Ensorcelled Hibernation
   681 | D:1      | Reached skill level 1 in Fighting
   856 | D:1      | Reached XP level 3. HP: 24/31 MP: 3/6
   864 | D:1      | Reached skill level 5 in Stealth
  1063 | D:1      | Learned a level 2 spell: Cigotuvi's Dreadful Rot
  1428 | D:2      | Noticed Natasha
  1434 | D:2      | Killed Natasha
  1435 | D:2      | Reached skill level 1 in Poison Magic
  1435 | D:2      | Reached XP level 4. HP: 29/38 MP: 4/7
  1538 | D:2      | Noticed Natasha
  1551 | D:2      | Killed Natasha
  1610 | D:2      | Found an ornate altar of the Wu Jian Council.
  1636 | D:2      | Noticed Natasha
  1646 | D:2      | Killed Natasha
  1646 | D:2      | Reached ** piety under Fedhas
  1767 | D:2      | Reached XP level 5. HP: 45/45 MP: 8/8
  1929 | D:2      | Found a runed translucent door.
  1930 | D:2      | Noticed Crazy Yiuf
  1936 | D:2      | Killed Crazy Yiuf
  2303 | D:3      | Found a runed translucent door.
  2310 | D:3      | Noticed shamsi's ghost (amateur OpCj)
  2336 | D:3      | Killed from afar by shamsi's ghost

Illustrated notes

Levels and vault maps discovered:
D:1:      amcnicky_arrival_underground_garden, layout_loops_corners,
          hellmonk_ecumenical_altar_lost_god, serial_park_tiny_1
D:2:      layout_loops_ring, basic_altar, uniq_natasha, uniq_crazy_yiuf_cottage
D:3:      layout_rooms, serial_shops, shop, gup_sewer_entry_bubbles,
          hellmonk_ghost_happy_afterlife, chequers_serial_rivers_large_a,
          kennysheep_generic_room_4

Skill      XL: |  1  2  3  4  5 |
---------------+----------------+-----
Fighting       | 1 2 |  2.2
Stealth        | 5 |  5.6
Poison Magic   | 1 2 |  2.8
Short Blades   | 2 |  2.3
Dodging        | |  1.5
Spellcasting   | |  2.0
Hexes          | |  3.4
Ice Magic      | |  0.4

Action                     |  1- 3 |  4- 6 || total
---------------------------+-------+-------++-------
  Melee: Dagger            |    52 |    46 ||    98
  Throw: Stone             |    24 |       ||    24
   Cast: Ensorcelled Hiber |     7 |     6 ||    13
Ability: Spit Poison       |    14 |     3 ||    17
   Stab: Sleeping          |    10 |    11 ||    21
 Armour: Skin              |     2 |     1 ||     3
         Robe              |       |     8 ||     8
  Dodge: Dodged            |    21 |    11 ||    32
